 Seeded DCSS version 0.27.1-2-g3b301248ec (webtiles) character file.

Game seed: 14551798346683263451 (custom seed)

21081 babuloseo the Spear-Bearer (level 13, -17/112 HPs)
             Began as a Human Gladiator on Oct 3, 2021.
             Was a High Priest of Okawaru.
             Demolished by a boulder beetle (36 damage)
             ... on level 15 of the Dungeon.
             The game lasted 00:35:39 (15898 turns).

babuloseo the Spear-Bearer (Human Gladiator)       Turns: 15898, Time: 00:35:40

Health: -17/112    AC: 21    Str: 17 (19) XL:     13   Next: 17%
Magic:  0/23       EV: 15    Int: 12      God:    Okawaru [*****.]
Gold:   606        SH:  0    Dex: 15      Spells: 18/26 levels left

rFire    + . .     SeeInvis .   a - +2 halberd (freeze)
rCold    x . .     Faith    .   (shield currently unavailable)
rNeg     . . .     Spirit   +   f - +3 scale mail {rPois}
rPois    +         Reflect  .   o - +1 helmet {Int+3}
rElec    .         Harm     .   j - +0 cloak
rCorr    .         Rampage  .   q - +0 pair of gloves
Will     .....     Clarity  +   (no boots)
Stlth    ++........             H - amulet of guardian spirit
HPRegen  0.28/turn              v - ring of fire
MPRegen  0.18/turn              (no ring)

@: heroic
A: iridescent scales 2, clarity, deterioration 1, robust 1, wild magic 1,
evolution 2
a: Renounce Religion, Heroism, Finesse


You were on level 15 of the Dungeon.
You worshipped Okawaru.
Okawaru was extremely pleased with you.
You visited 2 branches of the dungeon, and saw 14 of its levels.
You also visited: Ice Cave.

You collected 606 gold pieces.

Inventory:

Hand Weapons
 a - a +2 halberd of freezing (weapon)
 g - a +2 bardiche of flaming
 p - the +8 halberd "Mesesm" {vorpal, Drain Will+ Dex+8}
   (Okawaru gifted it to you on level 11 of the Dungeon)

   It inflicts extra damage upon your enemies.
   Dex:       It affects your dexterity (+8).
   Drain:     It drains your maximum health when unequipped.
   Will:      It increases your willpower.
 u - the +7 spear of Untimely Demise {antimagic, rCorr}
   (You found it on level 4 of the Dungeon)

   It reduces the magical energy of the wielder, and disrupts the spells and
   magical abilities of those it strikes.
   Natural abilities and divine invocations are not affected.
   rCorr:     It protects you from acid and corrosion.
 y - a +1 dagger of electrocution
 B - a +7 demon trident of flaming
 D - a +1 trident of venom
 R - the +2 bardiche "Zerphueci" {protect, Fly rPois Int-3}
   (Okawaru gifted it to you on level 11 of the Dungeon)

   It grants its wielder temporary protection when it strikes (+7 to AC).
   Int:       It affects your intelligence (-3).
   rPois:     It protects you from poison.
   Fly:       It grants you flight.
 U - a +3 quick blade
 W - a +0 scythe of freezing
Armour
 b - a +0 leather armour
 c - a +0 helmet
 d - a +0 buckler
 e - a +0 ring mail
 f - a +3 scale mail of poison resistance (worn)
 j - a +0 cloak (worn)
 o - a +1 helmet of intelligence (worn)
 q - a +0 pair of gloves (worn)
 C - +0 steam dragon scales
 E - a +0 plate armour
 T - the +3 scale mail "Xiunemau" {-Tele Str+8 SInv}
   (You found it on level 12 of the Dungeon)

   Str:       It affects your strength (+8).
   SInv:      It lets you see invisible.
   -Tele:     It prevents most forms of teleportation.
 X - a +2 robe of cold resistance
 Y - a +0 chain mail of cold resistance
 Z - a +2 robe of resistance
Jewellery
 v - a ring of fire (left hand)
 H - an amulet of guardian spirit (around neck)
 Q - a ring of ice
 V - a ring of ice
Wands
 n - a wand of flame (17)
 F - a wand of paralysis (17)
 O - a wand of iceblast (11)
Scrolls
 i - 3 scrolls of enchant armour {unknown}
 t - a scroll of blinking
 w - 2 scrolls of teleportation
 G - 2 scrolls of holy word {unknown}
 J - a scroll of brand weapon {unknown}
Potions
 h - 2 potions of brilliance
 l - a potion of ambrosia
 r - 2 potions of curing
 s - 3 potions of attraction
 z - a potion of magic
 A - a potion of berserk rage
 I - a potion of haste
 K - a potion of lignification
 L - a potion of invisibility
 M - a potion of mutation
 N - a potion of heal wounds
 P - 2 potions of flight
Miscellaneous
 S - a condenser vane (inert)


   Skills:
 * Level 9.7(14.7) Fighting
 * Level 10.2(15.2) Polearms
 - Level 2.5(7.5) Throwing
 + Level 6.8(11.8) Armour
 + Level 7.6(12.6) Dodging
 - Level 4.0(9.0) Shields
 * Level 7.0 Spellcasting
 + Level 3.3 Conjurations
 - Level 3.3 Summonings
 * Level 1.0 Translocations
 - Level 8.5 Invocations


You had 18 spell levels left.
You knew the following spells:

 Your Spells              Type           Power      Damage    Failure   Level
a - Blink                 Tloc           N/A        N/A       45%         2
b - Conjure Flame         Conj/Fire      15%        6-21      63%         3
c - Call Imp              Summ           16%        N/A       22%         2
d - Foxfire               Conj/Fire      60%        2x1d7     30%         1

Your spell library contained the following spells:

 Spells                   Type           Power      Damage    Failure   Level
 Magic Dart               Conj           60%        1d6       16%         1
 Summon Small Mammal      Summ           64%        N/A       16%         1
 Searing Ray              Conj           30%        3d4       22%         2
 Call Canine Familiar     Summ           16%        N/A       38%         3
 Summon Guardian Golem    Hex/Summ       10%        N/A       61%         3
 Dazzling Flash           Conj/Hex       20%        N/A       63%         3
 Lesser Beckoning         Tloc           4%         N/A       69%         3
 Mephitic Cloud           Conj/Pois/Air  8%         N/A       69%         3
 Inner Flame              Hex/Fire       8%         N/A       83%         3
 Fulminant Prism          Conj/Hex       5%         3d7       95%         4
 Agony                    Necr           5%         N/A       100%        5
 Manifold Assault         Tloc           8%         N/A       100%        5
 Silence                  Hex/Air        2%         N/A       100%        5


Dungeon Overview and Level Annotations

Branches:
Dungeon (15/15)            Temple (1/1) D:5            Lair (0/6) D:9
    Orc (0/2) D:9          Depths (0/5) D:15          IceCv (visited)
 Vaults: D:13-14

Altars:
Ashenzari
Dithmenos
Elyvilon
Gozag
Hepliaklqana
Makhleb
Nemelex Xobeh
Okawaru
Qazlal
Ru
Sif Muna
Uskayaw
Vehumet
Wu Jian
Xom
Yredelemnul
Zin
The Shining One

Shops:
D:5 (   D:12 (

Annotations:
D:11 3 runed translucent doors, qdestroyer's ghost, journeyman MiBe


Innate Abilities, Weirdness & Mutations

You are mostly covered in iridescent scales. (AC +4)
You possess an exceptional clarity of mind.
Your body sometimes deteriorates upon taking damage.
You are robust. (+10% HP)
Your spells are a little harder to cast, but a little more powerful.
You rapidly evolve.


Message History

Really walk into a travel-excluded area?
You start resting.
A boulder beetle is nearby!
You hit the boulder beetle but do no damage.
The boulder beetle hits you!!!
The boulder beetle stops rolling and uncurls.
You hit the boulder beetle but do no damage.
The boulder beetle bites you.
You hit the boulder beetle but do no damage.
The boulder beetle bites you but does no damage.
You puncture the boulder beetle! You freeze the boulder beetle.
The boulder beetle is moderately wounded.
The boulder beetle bites you!
* * * LOW HITPOINT WARNING * * *
You impale the boulder beetle!! You freeze the boulder beetle!
The boulder beetle is heavily wounded.
The boulder beetle bites you!
* * * LOW HITPOINT WARNING * * *
You hit the boulder beetle. You freeze the boulder beetle.
The boulder beetle is severely wounded.
The boulder beetle bites you.
* * * LOW HITPOINT WARNING * * *
Unknown command.
You feel much better. The boulder beetle bites you!!
* * * LOW HITPOINT WARNING * * *
Your body deteriorates!
You feel weakened.
You gain the combat prowess of a mighty hero.
The boulder beetle bites you!
* * * LOW HITPOINT WARNING * * *
You hit the boulder beetle but do no damage.
The boulder beetle is severely wounded.
The boulder beetle leaps!
The boulder beetle curls into a ball and begins rolling!
Reach: a) +2 halberd (freeze)
Press: ? - help, Dir - move target, f - you
Okay, then.
You slash the boulder beetle! You freeze the boulder beetle.
The boulder beetle is severely wounded.
The boulder beetle hits you!!!
You die...

,,,,*,,,,,,*,*,,,#.....!.#,,,,,**
,,,,*,,,,,,*,*,,,#.......#,,,,,,,
,,,,**+*****,*,,,#.......#,*+****
,,,,,,,,,,..,*,,,#.......##*,,,,,
,,,,,,,,,,...#####......B..,,,,,,
,,,,,,,,,,..............(..,,,,,,
,,,,,,,,,,.................,,,,,,
,,,,,,,,,,,...###'###.....^,,,,,,
,,,,,,,,,,,,,,#.@B°°#......,,,,,,
**********,,,,#...☼.......#******
*,,,,#...☼.......#
*,,,,#..._.......#
*,,,,#....°......#
*,,,....§........#
*,,..............#
***###############


You could see a boulder beetle (rolling).

Vanquished Creatures
  A reaper (IceCv)
  Fannar (D:11)
  A hydra (D:11)
  2 boulder beetles (D:11)
  Erica (D:9)
  A death knight (D:10)
  3 two-headed ogres (D:11)
  Urug (D:10)
  A skeletal warrior (D:10)
  A deep elf pyromancer (D:12)
  An ugly thing (D:11)
  A cyclops (D:12)
  2 ice statues (IceCv)
  An efreet (D:12)
  A komodo dragon (D:9)
  3 freezing wraiths
  5 ice devils (IceCv)
  2 hornets
  3 trolls
  A wyvern (D:8)
  3 vampires
  2 shadows (D:11)
  A dire elephant simulacrum (IceCv)
  A wraith (D:10)
  9 yaks
  A steam dragon (D:8)
  2 death yak simulacra (IceCv)
  Edmund (D:6)
  An acid dragon (D:11)
  2 water moccasins (D:7)
  A sky beast (D:5)
  4 orc warriors
  An ice beast (D:7)
  A black bear (D:6)
  3 necrophages
  An ogre (D:5)
  A centaur (D:9)
  2 phantoms (D:6)
  2 bullfrogs
  2 kobold brigands
  A scorpion (D:6)
  2 two-headed ogre simulacra (IceCv)
  A wyvern zombie (D:8)
  2 cane toad simulacra (IceCv)
  2 elephant simulacra (IceCv)
  4 killer bees (D:8)
  3 wights (D:8)
  4 howler monkeys
  A bullfrog zombie (D:6)
  A crimson imp (D:9)
  8 centaur zombies
  2 jellies (D:6)
  Crazy Yiuf (D:2)
  A hound (D:6)
  3 orc priests (D:5)
  11 orc wizards
  4 iguanas
  A polar bear simulacrum (IceCv)
  3 spriggan simulacra (IceCv)
  Robin (D:2)
  2 adders
  3 naga simulacra (IceCv)
  3 white imps
  2 ufetubi (IceCv)
  2 adder skeletons (D:4)
  3 worms
  2 dart slugs
  26 orcs
  3 endoplasms
  A giant cockroach (D:1)
  15 goblins
  13 hobgoblins
  3 jackals (D:4)
  12 kobolds
  2 quokkas
  7 ball pythons
  2 bats
  2 frilled lizards (D:1)
  2 rats (D:2)
235 creatures vanquished.

Vanquished Creatures (others)
  A deep elf pyromancer (D:11)
  A kobold demonologist (D:11)
  2 centaurs (D:11)
  An ufetubus (IceCv)
  11 foxfires (IceCv)
  A fungus (D:8)
  8 plants
25 creatures vanquished.

Grand Total: 260 creatures vanquished

Notes
Turn   | Place    | Note
-------+----------+-------------------------------------------
     0 | D:1      | babuloseo the Human Gladiator began the quest for the Orb.
     0 | D:1      | Reached XP level 1. HP: 16/16 MP: 1/1
     9 | D:2      | Found a stormy altar of Qazlal.
    20 | D:2      | Reached XP level 2. HP: 16/22 MP: 2/2
   279 | D:2      | Reached XP level 3. HP: 13/27 MP: 3/3
   288 | D:2      | Identified a scroll of acquirement
   288 | D:2      | Acquired a +2 bardiche of flaming
   490 | D:2      | Found a runed translucent door.
   491 | D:2      | Noticed Crazy Yiuf
   496 | D:2      | Killed Crazy Yiuf
   497 | D:2      | Reached XP level 4. HP: 21/34 MP: 4/4
  1370 | D:2      | Noticed Robin
  1413 | D:2      | Killed Robin
  1414 | D:2      | Reached skill level 4 in Polearms
  1425 | D:2      | Reached XP level 5. HP: 17/39 MP: 6/6
  1734 | D:3      | Reached skill level 1 in Spellcasting
  1847 | D:3      | Found a faded altar of an unknown god.
  2282 | D:3      | Found an opulent altar of Gozag.
  2709 | D:4      | Identified the +7 spear of Untimely Demise {antimagic,
                  | rCorr}
  2709 | D:4      | Noticed a necrophage
  2715 | D:4      | Killed a necrophage
  2716 | D:4      | Reached skill level 1 in Armour
  2716 | D:4      | Reached XP level 6. HP: 38/47 MP: 6/8
  2801 | D:4      | Found a glowing silver altar of Zin.
  2905 | D:4      | Found a white marble altar of Elyvilon.
  3009 | D:4      | Gained mutation: You are agile. (Dex +2) [potion of
                  | mutation]
  3009 | D:4      | Gained mutation: You are resistant to electric shocks.
                  | (rElec) [potion of mutation]
  3302 | D:4      | Found an ornate altar of the Wu Jian Council.
  3681 | D:5      | Entered Level 5 of the Dungeon
  4111 | D:5      | Found a staircase to the Ecumenical Temple.
  4120 | Temple   | Entered the Ecumenical Temple
  4123 | Temple   | Reached XP level 7. HP: 43/52 MP: 10/10
  4230 | Temple   | Became a worshipper of Warmaster Okawaru
  4429 | D:5      | Found a broken altar of Ashenzari.
  4480 | D:6      | Reached skill level 5 in Polearms
  4605 | D:5      | Noticed a +0 hand axe
  4605 | D:5      | Noticed a +0 dagger
  4661 | D:5      | Found a hide-covered altar of Uskayaw.
  4705 | D:5      | Reached * piety under Okawaru
  4709 | D:5      | Reached XP level 8. HP: 38/60 MP: 12/12
  4870 | D:6      | Reached skill level 1 in Invocations
  5183 | D:6      | Noticed Edmund
  5200 | D:6      | Killed Edmund
  5361 | D:7      | Reached ** piety under Okawaru
  5380 | D:7      | Acquired a +6 demon trident of flaming
  5434 | D:8      | Lost mutation: You are agile. (Dex +2) [potion of mutation]
  5434 | D:8      | Lost mutation: You are resistant to electric shocks.
                  | (rElec) [potion of mutation]
  5434 | D:8      | Gained mutation: You are weak. (Str -2) [potion of
                  | mutation]
  5435 | D:8      | Lost mutation: You are weak. (Str -2) [potion of mutation]
  5435 | D:8      | Gained mutation: You are partially covered in iridescent
                  | scales. (AC +2) [potion of mutation]
  5435 | D:8      | Gained mutation: Your body sometimes deteriorates upon
                  | taking damage. [potion of mutation]
  5435 | D:8      | Gained mutation: You evolve. [potion of mutation]
  5471 | D:8      | Reached skill level 5 in Fighting
  5558 | D:8      | Found a sacrificial altar of Ru.
  5570 | D:8      | Reached skill level 6 in Polearms
  5570 | D:8      | Reached XP level 9. HP: 34/68 MP: 11/14
  6028 | D:8      | Reached skill level 5 in Dodging
  6414 | D:8      | Found a shimmering blue altar of Sif Muna.
  6620 | D:8      | Learned a level 2 spell: Blink
  6772 | D:8      | Gained mutation: You possess an exceptional clarity of
                  | mind. [evolution]
  6818 | D:8      | Noticed a hornet
  6823 | D:8      | Killed a hornet
  6823 | D:8      | Reached *** piety under Okawaru
  7655 | D:7      | Gained mutation: You rapidly evolve. [evolution]
  7730 | D:7      | Reached skill level 5 in Invocations
  7881 | D:7      | Reached skill level 7 in Polearms
  8052 | D:6      | Reached XP level 10. HP: 71/77 MP: 13/16
  8559 | D:5      | Found Oped's Weapon Emporium.
  8634 | D:5      | Found a shadowy altar of Dithmenos.
  8973 | D:5      | Reached **** piety under Okawaru
  9414 | D:9      | Noticed Erica
  9436 | D:9      | Killed Erica
  9436 | D:9      | Reached ***** piety under Okawaru
  9437 | D:9      | Reached skill level 5 in Armour
  9590 | D:9      | Reached skill level 8 in Polearms
  9762 | D:9      | Found a staircase to the Orcish Mines.
  9789 | D:9      | Found a staircase to the Lair.
  9791 | D:9      | Noticed a komodo dragon
  9813 | D:9      | Killed a komodo dragon
  9813 | D:9      | Received a gift from Okawaru
  9814 | D:9      | Reached XP level 11. HP: 51/85 MP: 12/18
  9987 | D:9      | Reached skill level 5 in Spellcasting
 10060 | D:9      | Learned a level 3 spell: Conjure Flame
 10574 | D:9      | Found a burning altar of Makhleb.
 10574 | D:9      | Found a shimmering altar of Xom.
 10642 | D:10     | Entered Level 10 of the Dungeon
 10686 | D:11     | Noticed a two-headed ogre
 10708 | D:11     | Killed a two-headed ogre
 10708 | D:11     | Identified the +8 halberd "Mesesm" {vorpal, Drain Will+
                  | Dex+8} (Okawaru gifted it to you on level 11 of the
                  | Dungeon)
 10708 | D:11     | Received a gift from Okawaru
 10709 | D:11     | Reached skill level 1 in Conjurations
 10922 | D:11     | Noticed a six-headed hydra
 10922 | D:11     | Killed a deep elf pyromancer
 10929 | D:11     | Killed a six-headed hydra
 11043 | D:11     | Noticed qdestroyer's ghost (journeyman MiBe)
 11044 | D:11     | Found a runed translucent gate.
 11044 | D:11     | Found a runed translucent gate.
 11044 | D:11     | Found a runed translucent gate.
 11206 | D:11     | Noticed a boulder beetle
 11230 | D:11     | Killed a boulder beetle
 11265 | D:11     | Gained mutation: You are robust. (+10% HP) [evolution]
 11277 | D:11     | Noticed a green ugly thing
 11288 | D:11     | Killed a green ugly thing
 11420 | D:11     | Noticed a boulder beetle
 11428 | D:11     | Killed a boulder beetle
 11428 | D:11     | Identified the +5 fustibalus of Nijeb {flame, rN++ rCorr
                  | Int-3 SInv} (Okawaru gifted it to you on level 11 of the
                  | Dungeon)
 11428 | D:11     | Received a gift from Okawaru
 11429 | D:11     | Reached skill level 9 in Polearms
 11439 | D:11     | Found a shimmering altar of Xom.
 11489 | D:11     | Noticed a two-headed ogre
 11494 | D:11     | Killed a two-headed ogre
 11495 | D:11     | Reached XP level 12. HP: 84/103 MP: 15/20
 11846 | D:11     | Noticed Fannar
 11856 | D:11     | Killed Fannar
 11857 | D:11     | Reached skill level 1 in Shields
 11858 | D:11     | Noticed a two-headed ogre
 11868 | D:11     | Killed a two-headed ogre
 11873 | D:11     | Learned a level 2 spell: Call Imp
 11984 | D:11     | Identified the +2 bardiche "Zerphueci" {protect, Fly rPois
                  | Int-3} (Okawaru gifted it to you on level 11 of the
                  | Dungeon)
 11984 | D:11     | Received a gift from Okawaru
 12481 | D:10     | Found a hazy altar of Hepliaklqana.
 12510 | D:10     | Found a sparkling altar of Nemelex Xobeh.
 12850 | D:10     | Noticed a skeletal warrior
 12872 | D:10     | Killed a skeletal warrior
 12873 | D:10     | Reached skill level 1 in Summonings
 13095 | D:10     | Noticed a death knight
 13127 | D:10     | Killed a death knight
 13159 | D:10     | Gained mutation: Your spells are a little harder to cast,
                  | but a little more powerful. [evolution]
 13299 | D:10     | Noticed Urug
 13313 | D:10     | HP: 5/104 [Urug/javelin (12)]
 13700 | D:10     | Killed Urug
 14193 | D:12     | Identified the +3 scale mail "Xiunemau" {-Tele Str+8 SInv}
 14200 | D:12     | Found a frozen archway.
 14210 | IceCv    | Entered an ice cave
 14561 | IceCv    | Received a gift from Okawaru
 14692 | IceCv    | Reached skill level 10 in Polearms
 14696 | IceCv    | Learned a level 1 spell: Foxfire
 14822 | IceCv    | Noticed a reaper
 14851 | IceCv    | Killed a reaper
 14852 | IceCv    | Reached XP level 13. HP: 82/111 MP: 11/23
 15096 | IceCv    | Gained mutation: You are mostly covered in iridescent
                  | scales. (AC +4) [evolution]
 15761 | D:12     | Reached skill level 1 in Translocations
 15761 | D:12     | Found Tall's Antique Weapon Shop.
 15785 | D:12     | You fall into a shaft and drop 3 floors!
 15785 | D:15     | Entered Level 15 of the Dungeon
 15876 | D:15     | Noticed a boulder beetle
 15878 | D:15     | Found a radiant altar of Vehumet.
 15898 | D:15     | Demolished by a boulder beetle

Illustrated notes

Levels and vault maps discovered:
D:1:      lemuel_arrival_river_bridge, layout_rooms
D:2:      layout_loops_cross, basic_altar, serial_shops, shop,
          minmay_goblin_kobold_house, uniq_crazy_yiuf_cottage, uniq_robin
D:3:      layout_basic, grunt_gozag_breadcrumbs,
          hellmonk_ecumenical_altar_heavens_door
D:4:      layout_loops_ring, zin_treasury, elyvilon_altar_3,
          nzn_wu_jian_contemplation, serial_co_window_serial,
          co_window_corner_a, co_window_corner_a, co_window_of_opportunity_a,
          co_window_corner_a, co_window_paths_a, co_window_corner_b,
          co_window_paths_c, co_window_2corner, co_window_paths_c,
          co_window_of_opportunity_b, co_window_of_opportunity_c,
          co_window_of_opportunity_c, glass_columns_a, glass_columns_c
D:5:      layout_gridville, dancing_weapons_uskayaw, ashenzari_altar_1,
          kennysheep_mini_moat, minmay_temple_entry_statues_fountains,
          serial_shops, nicolae_shop_trees, kennysheep_crisscross,
          minmay_circle_x
D:6:      layout_basic, kennysheep_cross_bottleneck, grunt_ministairs_3,
          uniq_edmund
D:7:      layout_loops_corners
D:8:      layout_basic, nicolae_ru_the_path_less_chosen,
          lemuel_coloured_pillars_altar
D:9:      layout_irregular_city, grunt_temple_overflow_champion_of_chaos,
          david_lair_shrubbed, orc_0_dummy, uniq_erica
D:10:     layout_loops_corners, worldfamousw_hep_ancestral_shrine,
          mainiacjoe_overflow_tiny_flanked, uniq_urug
D:11:     layout_layer_cave, gammafunk_ghost_nasty_kobolds, xom_confusion_cloud,
          uniq_fannar
D:12:     layout_small_grid, serial_shops, shop, portal_ice_cave_entry_pillars_1
D:15:     grunt_enter_depths_snipers, layout_irregular_city, serial_shops,
          nicolae_shop_competitors_out_of_business, okawaru_gym_becter,
          fiery_altar_vehumet
Temple:   nicolae_temple_figure_zero

Skill      XL: |  1  2  3  4  5  6  7  8  9 10 11 12 13 |
---------------+----------------------------------------+-----
Polearms       | 4 5 6 7 8 9 10 | 10.2
Spellcasting   | 1 2 3 4 5 6 7 |  7.0
Fighting       | 3 4 5 6 7 8 9 |  9.7
Armour         | 1 2 3 4 5 6 |  6.8
Dodging        | 4 5 6 7 |  7.6
Invocations    | 3 5 6 8 |  8.5
Conjurations   | 3 |  3.3
Shields        | 3 4 |  4.0
Summonings     | 3 |  3.3
Translocations | 1 |  1.0
Throwing       | |  2.5

Action                   |  1- 3 |  4- 6 |  7- 9 | 10-12 | 13-15 || total
-------------------------+-------+-------+-------+-------+-------++-------
Melee: Trident           |    40 |       |       |       |       ||    40
       Bardiche          |     2 |   167 |    72 |       |    19 ||   260
       Demon trident     |       |       |   110 |   432 |    20 ||   562
       Spear             |       |       |       |    19 |       ||    19
       Punch             |       |       |       |     3 |       ||     3
       Halberd           |       |       |       |       |    25 ||    25
Throw: Throwing net      |       |       |       |     6 |       ||     6
 Cast: Foxfire           |       |       |       |     6 |       ||     6
       Conjure Flame     |       |       |       |     1 |       ||     1
       Blink             |       |       |       |     1 |       ||     1
Invok: Heroism           |       |       |     5 |    14 |     1 ||    20
       Finesse           |       |       |       |     3 |       ||     3
Evoke: Wand              |       |       |     8 |     4 |       ||    12
       Condenser vane    |       |       |       |     1 |       ||     1
  Use: Scroll            |     1 |       |     7 |    11 |     6 ||    25
       Potion            |       |     2 |     5 |       |     1 ||     8
 Stab: Paralysed         |       |       |       |     8 |       ||     8
       Held in net/web   |       |       |       |     2 |       ||     2
Armor: Leather armour    |     5 |       |       |       |       ||     5
       Ring mail         |    16 |    72 |    36 |       |       ||   124
       Scale mail        |       |       |    48 |   106 |    50 ||   204
       Steam dragon scal |       |       |     4 |       |       ||     4
       Skin              |       |       |     4 |       |       ||     4
       Plate armour      |       |       |       |    45 |       ||    45
Dodge: Dodged            |    35 |   144 |    89 |   126 |    44 ||   438
Block: Buckler           |       |       |       |    11 |       ||    11
